 Dungeon Crawl Stone Soup version 0.21.1-1-g345015fe64 (webtiles) character file.

73 KleinerIrrer the Insei (level 4, 0/28 HPs)
             Began as an Octopode Transmuter on Mar 25, 2018.
             Killed by divine providence
             ... invoked by an orc priest
              (9 damage)
             ... on level 2 of the Dungeon.
             The game lasted 00:03:30 (1704 turns).

KleinerIrrer the Insei (Octopode Transmuter)        Turns: 1704, Time: 00:03:31

Health: 0/28       AC:  1    Str: 10    XL:     4   Next: 27%
Magic:  7/7        EV: 13    Int: 15    God:
Gold:   79         SH:  0    Dex: 12    Spells: 4/7 levels left

rFire    . . .     SeeInvis .     - Unarmed
rCold    . . .     Gourm    .   (no shield)
rNeg     . . .     Faith    .   (helmet restricted)
rPois    .         Spirit   .   (no amulet)
rElec    .         Reflect  .   (no ring)
rCorr    .         Harm     .   (no ring)
MR       .....                  (no ring)
Stlth    ++........             (no ring)
HPRegen  0.09/turn              (no ring)
MPRegen  0.10/turn              (no ring)
                                (no ring)
                                (no ring)

@: no status effects
A: almost no armour, stealthy swim, amphibious, 8 rings, constrict 8, camouflage
1, gelatinous body 1
a: no special abilities


You were on level 2 of the Dungeon.
You were not hungry.

You visited 1 branch of the dungeon, and saw 2 of its levels.

You collected 79 gold pieces.

Inventory:

Missiles
 a - 50 arrows
Jewellery
 l - an uncursed amulet of the gourmand {unknown}
Scrolls
 d - a scroll of noise {unknown}
 e - a scroll of enchant weapon {unknown}
 f - a scroll of fear {unknown}
 g - a scroll of teleportation {unknown}
 k - a scroll of remove curse {unknown}
Potions
 h - a potion of lignification {unknown}
 i - a potion of resistance {unknown}
 j - 2 potions of curing {unknown}
 m - a potion of brilliance {unknown}
Books
 b - a book of Changes

   Spells                             Type                      Level
   a - Beastly Appendage              Transmutation                1
   b - Sticks to Snakes               Transmutation                2
   c - Spider Form                    Transmutation/Poison         3
   d - Ice Form                       Ice/Transmutation            4
   e - Blade Hands                    Transmutation                5
Comestibles
 c - 5 rations
 n - 9 chunks of flesh


   Skills:
 - Level 1.0 Fighting
 - Level 2.0 Dodging
 + Level 4.4 Unarmed Combat
 - Level 2.0 Spellcasting
 * Level 2.9 Transmutations


You had 4 spell levels left.
You knew the following spells:

 Your Spells              Type           Power        Failure   Level  Hunger
a - Beastly Appendage     Tmut           ##....       7%          1    #......
b - Sticks to Snakes      Tmut           ##......     10%         2    ###....


Dungeon Overview and Level Annotations

Branches:
Dungeon (2/15)

Altars:


Innate Abilities, Weirdness & Mutations

You cannot wear most types of armour.
You are very stealthy in the water. (Stealth+)
You are amphibious.
You can wear up to eight rings at the same time.
You can use your tentacles to constrict eight enemies at once.
Your skin changes colour to match your surroundings (Stealth+).
Your rubbery body absorbs attacks. (AC +1, EV +1)


Message History

You feel sick. x4
You are no longer poisoned.
You start resting.
An orc priest comes into view. It is wielding a falchion.
The orc priest shouts!
You hear a shout!
You tentacle-slap the orc priest. You grab the orc priest.
The orc priest is lightly wounded.
You constrict the orc priest, but do no damage.
The orc priest hits you with a falchion.
You are too injured to fight recklessly!
You tentacle-slap the orc priest but do no damage.
The orc priest is lightly wounded.
You constrict the orc priest.
The orc priest hits you with a falchion.
You tentacle-slap the orc priest.
The orc priest is heavily wounded.
You constrict the orc priest.
The orc priest calls down the wrath of Beogh upon you.
Beogh smites you!
You die...

######### #.#
........##############.#
....(...#......).......#
........#..............#
.....................).#
........#..............#
........#...)(.........#
........#....(.........#
........#.......@......#
........#......(o..[..##
........#...).........#
........#...).........#
........'......)()...>#
........#.............#
############+##.#'#####
#....#.# #########)#


You could see an orc priest.

Vanquished Creatures
  Robin (D:2)
  2 adders (D:2)
  2 dart slugs (D:2)
  A leopard gecko (D:2)
  2 orcs (D:2)
  A ball python (D:1)
  3 bats
  A giant cockroach (D:2)
  11 goblins
  5 hobgoblins
  2 kobolds
  4 rats
35 creatures vanquished.

Notes
Turn   | Place    | Note
-------+----------+-------------------------------------------
     0 | D:1      | KleinerIrrer the Octopode Transmuter began the quest for the Orb.
     0 | D:1      | Reached XP level 1. HP: 13/13 MP: 3/3
   238 | D:1      | Reached XP level 2. HP: 18/18 MP: 5/5
   822 | D:2      | Learned a level 2 spell: Sticks to Snakes
   897 | D:2      | Reached XP level 3. HP: 10/23 MP: 0/6
   900 | D:2      | Reached skill level 4 in Unarmed Combat
  1163 | D:2      | Noticed Robin
  1537 | D:2      | Killed Robin
  1542 | D:2      | Reached XP level 4. HP: 15/28 MP: 7/7
  1704 | D:2      | Killed from afar by an orc priest

Skill      XL: |  1  2  3 |
---------------+----------+-----
Unarmed Combat | 4 |  4.4
Fighting       | |  1.0
Dodging        | |  2.0
Spellcasting   | |  2.0
Transmutations | |  2.9

Action                   |  1- 3 |  4- 6 || total
-------------------------+-------+-------++-------
Melee: Unarmed           |    63 |    13 ||    76
       Constrict         |    15 |     4 ||    19
       Tentacles         |     5 |     1 ||     6
       Kick              |     3 |     2 ||     5
 Cast: Beastly Appendage |     4 |     1 ||     5
       Sticks to Snakes  |     1 |       ||     1
 Stab: Sleeping          |     3 |       ||     3
  Eat: Chunk             |     2 |     1 ||     3
Armor: Skin              |     3 |       ||     3
Dodge: Dodged            |    37 |     5 ||    42
